 Dungeon Crawl Stone Soup version 0.26.1-16-g4e020e15dc (webtiles) character file.

Game seed: 6413928817804957788

6797 Froggeryz the Slicer (level 11, -5/80 HPs)
             Began as an Octopode Berserker on Feb 2, 2024.
             Was a High Priest of Trog.
             Slain by a catoblepas (12 damage)
             ... while petrified by a catoblepas
             ... on level 9 of the Dungeon on Feb 4, 2024.
             The game lasted 00:11:58 (13313 turns).

Froggeryz the Slicer (Octopode Berserker)          Turns: 13313, Time: 00:11:58

Health: -5/80      AC:  1    Str: 23    XL:     11   Next: 5%
Magic:  0/11       EV:  2    Int: 16    God:    Trog [*****.]
Gold:   350        SH:  0    Dex: 14    Spells: 10/10 levels left

rFire    x . .     SeeInvis .   C - +4 rapier (drain)
rCold    + . .     Faith    .   (no shield)
rNeg     + + +     Spirit   +   (helmet restricted)
rPois    ∞         Reflect  .   i - amulet of guardian spirit
rElec    .         Harm     .   d - +6 ring of intelligence
rCorr    .         Rampage  .   e - +6 ring of strength
Will     .....                  g - ring of ice
Stlth    ++........             (no ring)
HPRegen  0.23/turn              (no ring)
MPRegen  0.12/turn              (no ring)
                                (no ring)
                                (no ring)

@: petrified, berserk cooldown, slowed
A: almost no armour, stealthy swim, amphibious, 8 rings, constrict 8, camouflage
1, gelatinous body 1
a: Renounce Religion, Berserk, Trog's Hand, Brothers in Arms


You were on level 9 of the Dungeon.
You worshipped Trog.
Trog was extremely pleased with you.
You visited 1 branch of the dungeon, and saw 9 of its levels.

You collected 350 gold pieces.

Inventory:

Hand Weapons
 C - a +4 rapier of draining (weapon)
Missiles
 b - 5 datura-tipped darts
 n - 4 throwing nets
 p - 21 poisoned darts (quivered)
 w - 11 boomerangs
 y - 3 boomerangs of dispersal
Jewellery
 d - a +6 ring of intelligence (left tentacle)
 e - a +6 ring of strength (right tentacle)
 g - a ring of ice (on tentacle)
 i - an amulet of guardian spirit (around mantle)
 m - an uncursed ring of protection from fire {unknown}
Wands
 x - a wand of iceblast (5)
 D - a wand of polymorph (2)
 E - a wand of paralysis (5)
Scrolls
 c - 2 scrolls of identify
 f - 3 scrolls of enchant weapon
 j - a scroll of teleportation
 r - 3 scrolls of enchant armour
 s - 6 scrolls of immolation
 t - 2 scrolls of fog {unknown}
 u - 3 scrolls of fear
 v - a scroll of noise
 z - 3 scrolls of remove curse
 B - a scroll of magic mapping
 F - a scroll of vulnerability {unknown}
Potions
 a - a potion of mutation {unknown}
 h - a potion of magic
 k - 6 potions of curing
 l - a potion of flight {unknown}
 o - 2 potions of haste
 q - 3 potions of might
 A - a potion of heal wounds {unknown}
 G - 3 potions of invisibility {unknown}
 H - a potion of lignification {unknown}
Miscellaneous
 I - a tin of tremorstones (2/2)


   Skills:
 + Level 9.2 Fighting
 * Level 12.4 Short Blades
 + Level 7.5 Dodging


You had 10 spell levels left.
You didn't know any spells.
Your spell library was empty.

Dungeon Overview and Level Annotations

Branches:
Dungeon (9/15)             Temple (0/1) D:6             Orc (0/2) D:9
   Lair: D:8-11

Altars:
Ashenzari
Cheibriados
Elyvilon
Fedhas
Hepliaklqana
Kikubaaqudgha
Makhleb
Nemelex Xobeh
Qazlal
Ru
Vehumet
Xom
The Shining One

Annotations:
D:2 exclusion: oklob plant
D:3 1 runed translucent door, SonOfAdam's ghost, amateur GrEE


Innate Abilities, Weirdness & Mutations

You cannot wear most types of armour.
You are very stealthy in the water. (Stealth+)
You are amphibious.
You can wear up to eight rings at the same time.
You can use your tentacles to constrict eight enemies at once.
Your skin changes colour to match your surroundings (Stealth+).
Your rubbery body absorbs attacks. (AC +1, EV +1)


Message History

The catoblepas barely misses you.
You have turned to stone.
You are engulfed in calcifying dust.
The catoblepas breathes a plume of calcifying dust at you.
The blast of calcifying dust hits you.
You are engulfed in calcifying dust.
The catoblepas breathes a plume of calcifying dust at you.
The blast of calcifying dust hits you.
The deep elf archer blinks!
You are engulfed in calcifying dust.
The catoblepas gores you.
You are engulfed in calcifying dust.
The catoblepas gores you!! The catoblepas gores you!!
* * * LOW HITPOINT WARNING * * *
The catoblepas gores you!!
* * * LOW HITPOINT WARNING * * *
You are no longer berserk.
Trog's vigour flows through your veins.
You feel yourself slow down. The catoblepas gores you!!
* * * LOW HITPOINT WARNING * * *
The deep elf archer stops moving altogether!
The catoblepas gores you!!
You die...

.............#§(# #......†...
.............##§# #......†...
#..#####..#..#Y.# #.##..#####
#..# #..#..#.§# #.##..# #..#
#..##.#(########.##..# #..#
#..##...Y........##..#
#..#####..####.##..#######..#####
................Y................
...............>@................
....####..#####.........#########
....# #..# #.........# # ....#
#..# #.e.......# ######
....####..#####.........####.#.#.
.................................
..........>................#.##'#
...#################..#####..#...
...# #..# ##.'...


You could see a catoblepas (drained) and a deep elf archer (repels missiles,
petrified).

Vanquished Creatures
  2 two-headed ogres (D:9)
  Pikel (D:8)
  A black mamba (shapeshifter) (D:9)
  5 humans
  Grum (D:8)
  2 ice beasts
  4 orc warriors
  A sky beast (D:9)
  2 phantoms
  A necrophage (D:5)
  4 wolves
  3 ogres
  4 lemures
  3 centaurs
  2 big kobolds (D:9)
  4 bullfrogs
  A wyvern skeleton (D:8)
  A scorpion (D:6)
  4 wights (D:6)
  3 howler monkeys (D:8)
  2 hounds
  11 orc wizards
  2 centaur skeletons (D:6)
  A jelly (D:7)
  7 orc priests
  2 iguanas
  9 worker ants
  A killer bee zombie (D:9)
  2 hound skeletons
  2 worker ant zombies
  6 gnolls (D:5)
  7 adders
  A shadow imp (D:8)
  A white imp (D:2)
  2 ufetubi
  An adder skeleton (D:4)
  3 worms
  6 dart slugs
  6 leopard geckos
  72 orcs
  2 ball pythons
  5 giant cockroaches
  19 hobgoblins
  20 jackals
  2 quokkas
  10 bats
  6 frilled lizards
  23 goblins
  18 kobolds
  A leopard gecko skeleton (D:5)
  A quokka skeleton (D:5)
  7 rats
307 creatures vanquished.

Notes
Turn   | Place    | Note
-------+----------+-------------------------------------------
     0 | D:1      | Froggeryz the Octopode Berserker began the quest for the
                  | Orb.
     0 | D:1      | Reached XP level 1. HP: 16/16 MP: 1/1
   176 | D:1      | Reached XP level 2. HP: 19/21 MP: 2/2
   568 | D:1      | Reached XP level 3. HP: 24/26 MP: 3/3
  1002 | D:2      | Reached skill level 4 in Short Blades
  1004 | D:2      | Reached ** piety under Trog
  1120 | D:2      | Reached XP level 4. HP: 26/32 MP: 4/4
  1506 | D:2      | Found a blossoming altar of Fedhas.
  1525 | D:2      | Noticed an oklob plant
  2473 | D:3      | Found a stormy altar of Qazlal.
  2515 | D:3      | Reached skill level 5 in Short Blades
  2515 | D:3      | Reached XP level 5. HP: 37/37 MP: 5/5
  2851 | D:3      | Found a shimmering altar of Xom.
  2878 | D:3      | Found a runed translucent door.
  2884 | D:3      | Noticed SonOfAdam's ghost (amateur GrEE)
  2933 | D:3      | Reached *** piety under Trog
  3349 | D:3      | Found a sacrificial altar of Ru.
  3519 | D:4      | Reached XP level 6. HP: 11/44 MP: 6/6
  4188 | D:4      | Reached skill level 6 in Short Blades
  4652 | D:4      | Found a radiant altar of Vehumet.
  4728 | D:4      | Found an ancient bone altar of Kikubaaqudgha.
  5005 | D:4      | Noticed a phantom
  5307 | D:4      | Killed a phantom
  5308 | D:4      | Reached XP level 7. HP: 38/49 MP: 7/7
  5475 | D:4      | Reached skill level 5 in Fighting
  5638 | D:5      | Entered Level 5 of the Dungeon
  5964 | D:5      | Reached skill level 7 in Short Blades
  6239 | D:5      | Reached **** piety under Trog
  6627 | D:5      | Reached XP level 8. HP: 42/57 MP: 8/8
  7178 | D:5      | Reached skill level 8 in Short Blades
  7456 | D:5      | Found a hazy altar of Hepliaklqana.
  8108 | D:6      | Reached skill level 9 in Short Blades
  8228 | D:6      | Reached XP level 9. HP: 49/62 MP: 9/9
  8428 | D:6      | Found a white marble altar of Elyvilon.
  8475 | D:6      | Reached ***** piety under Trog
  8498 | D:6      | Found a staircase to the Ecumenical Temple.
  8731 | D:6      | Reached skill level 10 in Short Blades
  8731 | D:6      | Reached skill level 5 in Dodging
  9127 | D:7      | Found a burning altar of Makhleb.
  9127 | D:7      | Noticed a blizzard demon
  9130 | D:7      | Noticed an orange demon
  9459 | D:7      | Found a broken altar of Ashenzari.
 10148 | D:8      | Noticed Grum
 10157 | D:8      | Reached XP level 10. HP: 13/72 MP: 10/10
 10475 | D:8      | Reached skill level 11 in Short Blades
 10958 | D:8      | Noticed Pikel
 10967 | D:8      | Killed Pikel
 11058 | D:8      | Noticed Maurice
 11063 | D:8      | Noticed Maurice
 11063 | D:8      | Maurice changed into Maurice the dart slug
 11066 | D:8      | Killed Maurice the dart slug
 11128 | D:8      | Received a gift from Trog
 11346 | D:8      | Found a sparkling altar of Nemelex Xobeh.
 11446 | D:8      | Killed Grum
 11730 | D:9      | Noticed a two-headed ogre
 11746 | D:9      | Killed a two-headed ogre
 11916 | D:9      | Noticed a two-headed ogre
 11927 | D:9      | Killed a two-headed ogre
 11928 | D:9      | Reached skill level 12 in Short Blades
 12190 | D:9      | Found a glowing golden altar of the Shining One.
 12252 | D:9      | Found a snail-covered altar of Cheibriados.
 12357 | D:9      | Found a runed translucent door.
 12358 | D:9      | Noticed a black mamba
 12956 | D:9      | Found a staircase to the Orcish Mines.
 13206 | D:9      | Killed a black mamba
 13207 | D:9      | Reached XP level 11. HP: 80/80 MP: 9/11
 13285 | D:9      | Noticed a catoblepas
 13295 | D:9      | Noticed a deep elf archer
 13313 | D:9      | Slain by a catoblepas

Illustrated notes

Levels and vault maps discovered:
D:1:      erik_arrival_cave_to_civilisation [erik_arrival_cave_to_hall],
          layout_basic
D:2:      layout_loops_ring, tgw_fedhas
D:3:      layout_loops_ring, xom_teletrap_fun, nicolae_ru_path_of_blood,
          nicolae_overflow_crystal_walls, ebering_ghost_inner_flame
D:4:      layout_loops_ring, overflow_temple_1_default, kennysheep_little_box,
          minmay_misc_feat_columns
D:5:      corexii_shantytown, layout_loops_ring, nzn_hepliaklqana_mist_gate,
          moated_statue, lightli_corner_chamber
D:6:      layout_gridville, general_overflow_altar,
          minmay_temple_entry_from_below_a, minmay_quadrilaterals
D:7:      layout_gridville, makhleb_altar_promises_db, lemuel_round_altar,
          grunt_decor_arrowhead, minmay_ruffians
D:8:      layout_loops_cross, lemuel_coloured_pillars_altar, uniq_grum,
          uniq_maurice, uniq_pikel
D:9:      layout_small_grid, kennysheep_mini_moat, lemuel_crystal_altar,
          hiddenorc2_lemuel, minmay_misc_feat_doors, minivault_13

Skill      XL: |  1  2  3  4  5  6  7  8  9 10 |
---------------+-------------------------------+-----
Short Blades   | 4 5 6 7 9 10 12 | 12.4
Fighting       | 4 5 6 8 9 |  9.2
Dodging        | 4 5 7 |  7.5

Action                   |  1- 3 |  4- 6 |  7- 9 | 10-12 || total
-------------------------+-------+-------+-------+-------++-------
Melee: Short sword       |    61 |    30 |   238 |       ||   329
       Constrict         |    17 |    50 |    67 |    33 ||   167
       Tentacles         |    13 |    52 |    95 |    40 ||   200
       Dagger            |       |   174 |       |       ||   174
       Rapier            |       |       |    35 |   173 ||   208
Throw: Dart              |       |       |       |     1 ||     1
Invok: Berserk           |       |     2 |     2 |     3 ||     7
Evoke: Wand              |       |       |       |     6 ||     6
  Use: Scroll            |       |     5 |    10 |       ||    15
       Potion            |       |       |       |     1 ||     1
 Stab: Sleeping          |     9 |     9 |    15 |     2 ||    35
       Distracted        |       |       |     1 |       ||     1
Armor: Skin              |       |    15 |     7 |     1 ||    23
Dodge: Dodged            |    33 |    99 |   125 |   112 ||   369
